 Dungeon Crawl Stone Soup version 0.15-a0-1798-g4683f23 (webtiles) character file.

254 Kassandra the Archer (level 5, -8/40 HPs)
             Began as a Centaur Hunter on June 30, 2014.
             Killed by divine providence
             ... invoked by an orc priest
              (12 damage)
             ... on Level 3 of the Dungeon.
             The game lasted 00:14:32 (3035 turns).

Kassandra the Archer (Centaur Hunter)               Turns: 3035, Time: 00:14:32

HP  -8/40        AC  5     Str 14      XL: 5   Next: 90%
MP   4/4         EV  9     Int 10      God:
Gold 57          SH  0     Dex 11      Spells:  0 memorised,  4 levels left

rFire  . . .     SeeInvis .     y - +4 quarterstaff (chaos)
rCold  . . .     Clarity  .     d - +0 leather armour
rNeg   . . .     rCorr    .     (no shield)
rPois  .         rRot     .     (no helmet)
rElec  .         Spirit   .     (no cloak)
SustAb .         Warding  .     q - +0 pair of gloves (curse)
rMut   .         Stasis   .     (no barding)
Gourm  .                        (no amulet)
MR     .....                    (no ring)
                                (no ring)

@: very quick, not resistant to hostile enchantments, very unstealthy
A: hooves 3, deformed body, speed 2, tough skin 3
a: no special abilities


You were on level 3 of the Dungeon.
You were not hungry.

You visited 1 branch of the dungeon, and saw 4 of its levels.

You collected 57 gold pieces.

Inventory:

Hand weapons
 a - a +0 short sword
 b - a +1 shortbow
 y - a +4 quarterstaff of chaos (weapon)
Missiles
 c - 53 arrows
 u - 20 arrows of flame
Armour
 d - a +0 leather armour (worn)
 q - a cursed +0 pair of gloves (worn)
 z - a +0 cloak
Comestibles
 f - 3 bread rations
 n - 4 meat rations
 H - 3 fruits
Scrolls
 h - a scroll of fear {unknown}
 j - 2 scrolls of teleportation {unknown}
 m - 2 scrolls of magic mapping {unknown}
 o - a scroll of immolation {unknown}
 p - 2 scrolls of fog {unknown}
 r - 3 scrolls of remove curse {unknown}
 s - 2 scrolls of identify {unknown}
 t - a scroll of amnesia {unknown}
 w - a scroll of enchant weapon {unknown}
 B - a scroll of enchant armour {unknown}
 D - 2 scrolls of recharging {unknown}
 E - a scroll of noise {unknown}
 I - a scroll of blinking {unknown}
Jewellery
 v - an uncursed ring of protection from magic {unknown}
Potions
 e - 2 potions of mutation {unknown}
 g - 2 potions of might {unknown}
 i - 2 potions of heal wounds {unknown}
 k - 4 potions of curing {unknown}
 l - a potion of brilliance {unknown}
 x - a potion of cure mutation {unknown}
 A - a potion of haste {unknown}
 C - 2 potions of poison {unknown}
Books
 G - a book of Beasts

   Spells                             Type                      Level
   Summon Butterflies                 Summoning                    1
   Call Canine Familiar               Summoning                    3
   Summon Ice Beast                   Ice/Summoning                4
   Summon Mana Viper                  Hexes/Summoning              5
   Monstrous Menagerie                Summoning                    6
   Summon Hydra                       Summoning                    7


   Skills:
 - Level 1.0 Fighting
 - Level 1.3 Short Blades
 + Level 2.6 Staves
 - Level 8.1 Bows
 - Level 1.3 Dodging
 - Level 0.5 Stealth


You had 4 spell levels left.
You didn't know any spells.

Dungeon Overview and Level Annotations

Branches:
Dungeon (4/15)
 Temple: D:4-7

Altars:
Cheibriados
Trog
Yredelemnul

Annotations:
D:2 Sigmund


Innate Abilities, Weirdness & Mutations

You have hooves in place of feet.
Armour fits poorly on your strangely shaped body.
You cover ground very quickly.
You have extremely tough skin (AC +3).


Message History

The orc priest is lightly wounded.
The kobold throws a stone.
The stone closely misses you.
The orc priest's eyes start to glow.
The orc priest hits you from afar with a trident.
The orc closely misses you.
The orc priest calls down the wrath of Beogh upon you.
Something smites you!
The orc priest hits you from afar with a trident!
* * * LOW HITPOINT WARNING * * *
The orc hits you with a club.
* * * LOW HITPOINT WARNING * * *
You climb upwards.
There is a stone staircase leading down here.
The orc priest calls down the wrath of Beogh upon you.
Pain shoots through your body!
* * * LOW HITPOINT WARNING * * *
The orc priest glows brightly for a moment.
The orc priest mumbles some strange prayers to Beogh against you.
Something smites you!
You die...

..#.....##
#....##.#..........#
..####...#
#....##............# ..#
#...# #....###...........#
### #...# #....#
#...........# #...# #....#
#...........# #...####....#
#...........# #...'.......#
#...........#
#...#####'######o##########
#.#........@.o......#
######
#.#.#####.####......#
#..... #.#.....#.##
#......# #.....
######.#........# #......#
#.....
.....#.#........###......#
#.....
.......#..........%......#
#.....
.......#.........###.....#
#..... ......##########.#
##.######)....
......##########.##
#.#..........


You could see an orc priest and an orc.

Vanquished Creatures
  The ghost of Meowch the Sneak, an average SpAs (D:3)
  Crazy Yiuf (D:2)
  5 adders
  3 worms
  4 giant geckos
  4 orcs
  2 ball pythons (D:2)
  7 goblins
  7 hobgoblins
  13 jackals
  4 kobolds (D:1)
  5 bats
  9 giant cockroaches
  4 giant newts (D:2)
  A kobold skeleton (D:2)
  A kobold zombie (D:2)
  6 rats
77 creatures vanquished.

Notes
Turn   | Place    | Note
--------------------------------------------------------------
     0 | D:1      | Kassandra, the Centaur Hunter, began the quest for the Orb.
     0 | D:1      | Reached XP level 1. HP: 16/16 MP: 1/1
   409 | D:1      | Reached XP level 2. HP: 18/23 MP: 2/2
   426 | D:1      | Reached skill level 6 in Bows
  1142 | D:2      | Found a snail-covered altar of Cheibriados.
  1161 | D:2      | Reached XP level 3. HP: 23/28 MP: 3/3
  1513 | D:2      | Reached skill level 7 in Bows
  1595 | D:2      | Reached XP level 4. HP: 35/35 MP: 3/3
  1600 | D:2      | Noticed a human
  1603 | D:2      | Reached skill level 1 in Short Blades
  1608 | D:2      | Found a basalt altar of Yredelemnul.
  2020 | D:2      | Noticed Sigmund
  2132 | D:2      | Noticed Crazy Yiuf
  2138 | D:2      | Killed Crazy Yiuf
  2378 | D:3      | Reached skill level 8 in Bows
  2389 | D:3      | Found a basalt altar of Yredelemnul.
  2403 | D:3      | Reached XP level 5. HP: 35/40 MP: 4/4
  2706 | D:3      | Noticed Meowch's ghost (average SpAs)
  2714 | D:3      | Killed Meowch's ghost
  2827 | D:3      | Found a bloodstained altar of Trog.
  3035 | D:3      | Killed from afar by an orc priest

Action                   |  1- 3 |  4- 6 || total
-------------------------+-------+-------++-------
Melee: Short sword       |    96 |    50 ||   146
       Quarterstaff      |       |    49 ||    49
 Fire: Shortbow          |    38 |    12 ||    50
